Map: Prion Terraces

Players

TheMightyOne

  • Race: Terran Terran
  • League: Master

Ascarecrow - Winner!

  • Race: Zerg Zerg
  • League: Master

VOD

Have the link to the VOD?

Description

Time

  • Played on: Jan. 6, 2016, 1:27 a.m.
  • Length: 14:04
Show
View Real Time Build Order
Export as new Build Order

TheMightyOne Terran 

Build Orders: Reaper Expand 

Get SALT Encoding   

  12  0:01  SCV  
  13  0:13  SCV  
  14  0:17  Supply Depot  
  14  0:25  SCV  
  15  0:39  SCV  
  15  0:40  Barracks  
  16  0:45  Refinery  
  16  0:51  SCV  
  17  1:03  SCV  
  18  1:15  SCV  
  19  1:30  Reaper  
  19  1:31  Orbital Command  
  20  1:41  Command Center  
  20  1:57  SCV  
  21  2:04  Marine  
  22  2:10  SCV  
  22  2:14  Factory  
  23  2:24  Supply Depot  
  23  2:37  Barracks Reactor  
  23  2:45  SCV  
  24  2:52  Refinery  
  23  3:03  Widow Mine  
  25  3:06  SCV  
  26  3:17  Marine x2  
  26  3:19  SCV  
  29  3:22  Starport  
  29  3:54  Hellion  
  29  3:55  Hellion  
  33  3:56  SCV  
  33  4:01  Command Center  
  34  4:02  Starport Tech Lab  
  34  4:03  Marine  
  35  4:16  Liberator  
  35  4:17  Hellion x2  
  39  4:25  SCV  
  40  4:38  SCV  
  44  4:49  Fusion Core  
  44  4:51  Hellion  
  46  4:59  Orbital Command  
  46  5:02  Liberator  
  46  5:08  Supply Depot  
  46  5:11  Supply Depot  
  46  5:12  Marine  
  46  5:13  SCV, Hellion  
  50  5:14  Supply Depot  
  50  5:15  Orbital Command  
  53  5:31  SCV  
  54  5:36  SCV  
  55  5:44  SCV  
  55  5:48  SCV  
  57  5:56  SCV  
  58  5:57  Refinery  
  58  5:58  Refinery  
  58  6:00  SCV  
  59  6:07  Barracks  
  59  6:08  SCV, Barracks  
  59  6:09  Advanced Ballistics  
  59  6:10  Barracks x2  
  60  6:12  SCV, Liberator  
  61  6:30  SCV x2  
  66  6:36  Factory Reactor  
  66  6:37  Factory Tech Lab  
  66  6:38  Marine x2  
  64  7:01  SCV x2  
  65  7:02  Marine x2  
  65  7:03  Barracks Reactor x2, Barracks Tech Lab x2  
  65  7:05  Orbital Command  
  68  7:13  SCV x2  
  70  7:16  Engineering Bay x2, Barracks  
  70  7:17  Barracks  
  70  7:22  Marine x2  
  70  7:23  Marauder  
  70  7:25  SCV  
  70  7:26  SCV  
  76  7:34  Marine  
  77  7:37  SCV  
  78  7:44  Marauder  
  78  7:47  SCV  
  78  7:50  Marine x3  
  84  7:52  SCV, Starport Reactor  
  85  8:02  Marauder, Siege Tank, Marine x2  
  85  8:03  Supply Depot  
  92  8:06  Supply Depot  
  92  8:07  Supply Depot  
  92  8:08  Supply Depot  
  92  8:24  Marine x4  
  92  8:25  SCV, Marauder x2  
  101  8:29  Terran Infantry Weapons Level 1, Terran Infantry Armor Level 1, Supply Depot  
  101  8:30  Barracks Reactor, Barracks Tech Lab  
  101  8:31  Supply Depot x2  
  101  8:36  SCV  
  101  8:37  Marine x2  
  101  8:38  Medivac x2  
  108  8:45  SCV  
  109  8:48  SCV  
  109  8:49  SCV, Marine x3  
  109  8:50  Marine x3  
  114  9:05  Marine x3  
  114  9:07  Marine  
  114  9:08  Marauder x2  
  122  9:15  Marine x2  
  124  9:18  Marine x2  
  124  9:19  SCV, Marine  
  124  9:20  SCV  
  124  9:22  Medivac x2  
  124  9:23  Marine  
  136  9:24  Marauder  
  136  9:27  Supply Depot  
  136  9:29  Supply Depot x2  
  136  9:37  Marine x2  
  138  9:52  SCV, Medivac x2  
  143  9:53  Supply Depot  
  143  9:55  Marine x7  
  143  9:56  Siege Tank, Marauder x2  
  154  10:17  Combat Shields, Stimpack  
  149  10:30  Siege Tank  
  149  10:32  Marine x2  
  149  10:33  Marauder x3, Marine x6  
  149  10:35  Armory  
  166  10:41  Factory  
  166  10:43  Factory  
  166  10:46  Missile Turret  
  166  10:47  Missile Turret  
  166  10:49  Missile Turret  
  166  10:50  Missile Turret x2, Marine  
  166  10:55  Marauder x3  
  171  11:09  SCV  
  129  11:12  Marine  
  129  11:13  Marine x2  
  129  11:16  Marauder x2, Marine x3  
  129  11:17  Marauder, Marine  
  126  11:19  SCV, Marine  
  126  11:23  Widow Mine  
  130  11:26  Factory Tech Lab x2  
  130  11:28  Terran Infantry Weapons Level 2, Terran Infantry Armor Level 2  
  130  11:30  Marine x3  
  130  11:31  SCV  
  134  11:34  Marine x2  
  134  11:37  Marauder  
  134  11:38  Marauder x2  
  136  11:40  Marine  
  100  11:59  Marauder  
  100  12:00  Marine x4  
  93  12:02  Siege Tank x3  
  93  12:03  SCV, Marine x2  
  105  12:09  Marine x3  
  105  12:10  Marine  
  109  12:18  Marine x2  
  111  12:27  Marine  
  111  12:28  Marine  
  113  12:34  Siege Tank  
  116  12:52  Siege Tank  
  116  13:08  Marine x2  
  116  13:09  Marauder  
  120  13:20  Orbital Command  
  119  13:27  SCV  
  119  13:28  Marine x4  
Show
View Real Time Build Order
Export as new Build Order

Ascarecrow Zerg - Winner!

Build Orders: Pool First 

Get SALT Encoding   

  12  0:01  Drone  
  13  0:09  Drone  
  14  0:19  Extractor  
  14  0:20  Drone  
  14  0:32  Spawning Pool  
  14  0:35  Drone  
  14  0:43  Overlord  
  14  0:52  Drone, Extractor  
  15  1:04  Drone x2  
  17  1:09  Drone  
  18  1:19  Queen  
  18  1:22  Zergling x2  
  21  1:28  Metabolic Boost  
  22  1:32  Zergling x2  
  22  1:56  Hatchery  
  22  1:58  Overlord  
  21  2:02  Zergling x2  
  22  2:19  Zergling x2  
  22  2:20  Zergling x2  
  24  2:24  Zergling x2  
  24  2:29  Zergling x6  
  28  2:41  Overlord  
  28  2:44  Queen  
  30  3:02  Zergling x8  
  34  3:21  Drone x3  
  36  3:27  Overlord  
  36  3:34  Drone x4  
  36  3:39  Evolution Chamber  
  39  3:51  Drone x4  
  43  4:07  Drone x7  
  50  4:14  Overlord  
  50  4:16  Extractor  
  49  4:17  Extractor  
  49  4:19  Lair  
  48  4:28  Hatchery  
  45  4:33  Drone x4  
  49  4:39  Roach Warren  
  48  4:46  Drone  
  48  4:47  Drone x5  
  48  4:49  Zerg Missile Weapons Level 1  
  54  4:58  Overlord  
  54  5:07  Extractor  
  54  5:11  Evolution Chamber, Overlord  
  46  5:42  Roach x4  
  58  5:43  Glial Reconstitution, Roach x5  
  58  5:45  Zerg Ground Armor Level 1  
  58  5:47  Queen  
  62  5:52  Spore Crawler  
  62  5:55  Spore Crawler  
  60  5:59  Overlord  
  60  6:02  Drone x6  
  66  6:15  Overlord x2  
  66  6:16  Queen  
  68  6:25  Drone x6  
  74  6:27  Overlord  
  74  6:34  Ravager x3  
  74  6:35  Ravager  
  76  6:49  Overlord x2  
  76  6:50  Drone x2  
  76  6:51  Drone x7  
  85  7:00  Roach x2  
  89  7:02  Overlord x2  
  89  7:07  Overlord  
  89  7:09  Zerg Missile Weapons Level 2  
  89  7:18  Drone  
  89  7:19  Drone  
  89  7:20  Spine Crawler  
  90  7:22  Extractor  
  90  7:24  Roach x6  
  90  7:25  Roach, Extractor  
  103  7:30  Drone x2, Overlord  
  103  7:31  Overlord  
  103  7:33  Roach x4  
  112  7:43  Zerg Ground Armor Level 2  
  112  7:45  Roach  
  109  7:52  Spore Crawler  
  106  7:59  Roach  
  106  8:00  Roach x5  
  117  8:22  Ravager  
  117  8:23  Ravager  
  117  8:26  Drone x4  
  123  8:27  Overlord x2  
  123  8:28  Overlord  
  119  8:40  Roach x7  
  127  9:02  Roach x6  
  139  9:09  Drone  
  140  9:11  Spire  
  139  9:36  Drone x9  
  148  9:57  Overlord  
  148  10:06  Roach  
  166  10:07  Roach x8  
  166  10:12  Overlord  
  166  10:27  Queen  
  163  10:29  Overlord x2  
  163  10:36  Drone x10  
  163  10:38  Zerg Melee Weapons Level 1  
  163  10:40  Zerg Flyer Weapons Level 1  
  173  10:43  Overlord  
  173  10:44  Hatchery  
  172  10:51  Ravager x12  
  172  10:53  Roach x2  
  172  10:54  Roach  
  163  11:15  Roach  
  163  11:16  Roach x11  
  163  11:39  Extractor  
  156  11:40  Extractor  
  147  11:50  Roach x9  
  156  11:58  Queen  
  158  12:07  Infestation Pit  
  157  12:15  Roach x10  
  177  12:29  Corruptor x4  
  181  12:31  Overseer  
  181  12:36  Zergling x14  
  192  12:46  Hive  
  192  13:19  Zergling x22  
  200  13:20  Zergling x2  
  199  13:37  Drone  
Tags
 
Add a new tag
Caveats
  • Supply blocks, unpowered buildings, or Contaminate may cause inaccurate times.
  • Supply counts are checked every 10 seconds.